 Dungeon Crawl Stone Soup version 0.19-a0-1896-g611e798 (webtiles) character file.

53922 Naow the Unseen (level 14, -2/59 HPs)
             Began as a Spriggan Enchanter on Oct 19, 2016.
             Was the Champion of Dithmenos.
             Slain by Donald
             ... wielding a +3 broad axe of freezing
              (9 damage)
             ... on level 1 of the Swamp.
             The game lasted 01:33:58 (27739 turns).

Naow the Unseen (Spriggan Enchanter)               Turns: 27739, Time: 01:33:59

Health: -2/59      AC: 11    Str: 11    XL:     14   Next: 32%
Magic:  9/31       EV: 33    Int: 17    God:    Dithmenos [******]
Gold:   1464       SH:  5    Dex: 24    Spells: 6 memorised, 23 levels left

rFire  + . .     SeeInvis +     t - +2 dagger (drain)
rCold  + . .     Gourm    .     p - +1 robe {rC+}
rNeg   + . .     Faith    .     (shield restricted)
rPois  .         Spirit   .     T - +2 hat
rElec  .         Reflect  +     x - +1 cloak of Prudence {*Contam MR+ Str+7 SInv}
rCorr  .         Harm     .     (gloves unavailable)
MR     +++..                    (boots unavailable)
Stlth  ++++++++++               O - +5 amulet of reflection
                                V - +4 ring of protection
                                G - ring of Cexued {*Contam rF+ rN+ Dex+3 Slay+2 SInv}

@: wreathed by umbra, very quick
A: unfitting armour, see invisible, herbivore 3, speed 3, slow metabolism 2
a: Shadow Step, Shadow Form, Renounce Religion


You were on level 1 of the Swamp.
You worshipped Dithmenos.
Dithmenos was exalted by your worship.
You were not hungry.

You visited 4 branches of the dungeon, and saw 20 of its levels.
You also visited: Sewer and Ossuary.

You collected 1581 gold pieces.
You spent 117 gold pieces at shops.

Inventory:

Hand Weapons
 t - a +2 dagger of draining (weapon)
 E - the +8 whip "Snakebite" {curare, rPois}
   (You found it on level 5 of the Lair of Beasts)

   It poisons the flesh of those it strikes.
   It protects you from poison.
 K - a +0 blowgun
Missiles
 b - 6 curare-tipped needles
 u - 19 poisoned needles (quivered)
Armour
 p - a +1 robe of cold resistance (worn)
 x - the +1 cloak of Prudence (worn) {*Contam MR+ Str+7 SInv}
   (You found it in a sewer)

   It affects your strength (+7).
   It affects your resistance to hostile enchantments.
   It lets you see invisible.
   It causes magical contamination when unequipped.
 T - a +2 hat (worn)
Jewellery
 i - an uncursed ring of protection from cold
 G - the ring of Cexued (left hand) {*Contam rF+ rN+ Dex+3 Slay+2 SInv}
   (You found it on level 3 of the Lair of Beasts)

   [ring of see invisible]

   It affects your dexterity (+3).
   It affects your accuracy and damage with ranged weapons and melee attacks
   (+2).
   It protects you from fire.
   It protects you from negative energy.
   It lets you see invisible.
   It causes magical contamination when unequipped.
 I - an uncursed ring of flight
 L - a +3 ring of evasion
 N - an uncursed ring of fire
 O - a +5 amulet of reflection (around neck)
 V - a +4 ring of protection (right hand)
 W - an uncursed ring of resist corrosion
Wands
 F - a wand of digging (24/24)
 Q - a wand of digging (13/24)
Scrolls
 a - a scroll of summoning
 e - 3 scrolls of identify
 f - 5 scrolls of magic mapping
 h - 7 scrolls of teleportation
 k - 3 scrolls of enchant weapon
 r - 3 scrolls of amnesia
 s - 9 scrolls of remove curse
 y - 2 scrolls of blinking
 D - a scroll of enchant armour
Potions
 g - 4 potions of flight
 j - 5 potions of might
 l - 11 potions of heal wounds
 m - 3 potions of lignification
 n - a potion of berserk rage
 o - 5 potions of agility
 q - 3 potions of invisibility
 v - 16 potions of curing
 w - 5 potions of brilliance
 A - a potion of cure mutation {unknown}
 B - 5 potions of resistance
 C - 2 potions of mutation
 H - 2 potions of haste {unknown}
 J - a potion of ambrosia {unknown}
 M - 2 potions of cancellation {unknown}
 R - a potion of magic {unknown}
Books
 c - a book of Maledictions

   Spells                             Type                      Level
   a - Corona                         Hexes                        1
   b - Ensorcelled Hibernation        Hexes/Ice                    2
   c - Confuse                        Hexes                        3
   d - Tukima's Dance                 Hexes                        3
   e - Dazzling Spray                 Conjuration/Hexes            3
 z - a book of Battle

   Spells                             Type                      Level
   a - Infusion                       Charms                       1
   b - Shroud of Golubria             Charms/Translocation         2
   c - Song of Slaying                Charms                       2
   d - Spectral Weapon                Hexes/Charms                 3
   e - Regeneration                   Charms/Necromancy            3
Comestibles
 d - 11 bread rations
 U - 3 slices of pizza
 Z - 14 fruits


   Skills:
 - Level 12.3 Short Blades
 - Level 14.4 Dodging
 - Level 16.1 Stealth
 - Level 12.6 Spellcasting
 - Level 9.6 Hexes
 - Level 9.5 Charms
 + Level 9.9 Invocations


You had 23 spell levels left.
You knew the following spells:

 Your Spells              Type           Power        Failure   Level  Hunger
a - Corona                Hex            #####..      1%          1    None
b - Ensorcelled Hibernat  Hex/Ice        ####..       1%          2    None
c - Tukima's Dance        Hex            #####...     1%          3    None
d - Dazzling Spray        Conj/Hex       ####..       3%          3    None
e - Regeneration          Chrm/Necr      ####......   3%          3    None
f - Confuse               Hex            #####...     1%          3    None


Dungeon Overview and Level Annotations

Branches:
Dungeon (11/15)            Temple (1/1) D:4            Lair (6/6) D:11
  Swamp (2/4) Lair:3       Spider (0/4) Lair:2        Slime (0/5) Lair:6
    Orc (0/2) D:9

Altars:
Ashenzari
Cheibriados
Dithmenos
Elyvilon
Fedhas
Gozag
Hepliaklqana
Kikubaaqudgha
Makhleb
Nemelex Xobeh
Okawaru
Qazlal
Ru
Sif Muna
Trog
Uskayaw
Vehumet
Xom
Yredelemnul
Zin
The Shining One

Shops:
D:9 ?   D:10 !

Annotations:
D:3 Grinder
D:4 Naow's ghost, amateur SpEn
D:6 Menkaure
D:11 Athtar123's ghost, journeyman DrMo
Swamp:1 Donald
Swamp:2 Louise


Innate Abilities, Weirdness & Mutations

You are very small and have problems with some larger weapons.
You are too small for most types of armour.
You have supernaturally acute eyesight. (SInv)
You are a herbivore.
You cover ground extremely quickly.
You need consume almost no food.


Message History

Donald completely misses you.
You see here a ghost crab corpse.
Casting: Confuse
Confirm with . or Enter, or press ? or * to list all spells.
Aiming: Confuse
Press: ? - help, Shift-Dir - straight line, f/p - Donald
Aim: Donald, wielding a broad axe of freezing, wearing a runed chain mail and wearing a glowing shield (fast, unusually strong, umbra, chance to defeat MR: 9%) Donald resists with almost no effort.
Donald says, "I'll bet you have a pretty dark future."
Donald mumbles some strange words.
Casting: Confuse
Confirm with . or Enter, or press ? or * to list all spells.
Aiming: Confuse
Press: ? - help, Shift-Dir - straight line, f - you, p - Donald
Okay, then.
Donald hits you with a broad axe of freezing!!!
Ouch! That really hurt!
* * * LOW HITPOINT WARNING * * *
You emit a cloud of dark smoke.
Donald freezes you!
You die...

♣.♣♣♣ ♣.≈....≈♣♣.≈≈....≈≈≈.
≈...♣♣ ♣.≈≈.≈≈♣♣♣....≈≈≈≈≈≈.
...≈≈♣ ♣.≈..≈♣♣♣.[...≈≈≈≈..♣
≈≈..♣♣ ♣♣.≈....♣≈≈≈..≈≈≈≈≈≈≈.
♣♣≈..♣♣♣ ♣..≈≈...≈..≈.(≈≈≈≈≈≈≈.
♣§.≈≈.♣♣ ♣..≈≈≈.≈♣≈..♣♣≈≈≈≈≈≈≈≈
♣≈.≈≈.≈♣♣ ♣♣♣......≈....≈≈≈.≈≈..
♣♣..≈≈≈.≈♣♣♣♣♣♣♣≈§≈§.....%.≈.≈≈≈.
≈......≈.≈.≈♣♣♣≈@≈≈≈...≈.≈≈..≈≈≈≈
.♣♣♣§.≈≈..≈.≈♣≈§@§.♣♣...♣.).≈≈≈≈.
.♣ ♣≈.≈≈≈≈≈≈.≈..≈≈♣♣♣♣.≈.[.≈♣♣♣♣♣
.♣♣♣..≈≈≈≈≈≈.....♣♣♣......≈..♣
......≈≈≈...≈≈≈≈.♣ ♣.....≈≈..♣♣♣♣
...♣♣.≈≈.≈≈≈.≈≈.♣♣♣♣.......♣♣...♣
...♣≈≈...≈≈≈...♣♣♣♣..≈≈≈........♣
....≈...†.≈≈...♣ ♣≈..≈≈≈.≈≈≈≈≈...
≈.♣..≈.♣♣♣♣♣≈≈♣♣♣♣♣...≈....≈≈≈≈≈≈


You could see Donald.

Vanquished Creatures
  Gastronok (Lair:3)
  4 hydras
  A ghost crab (Swamp:1)
  3 catoblepae (Lair:6)
  Fannar (Lair:3)
  An anaconda (Lair:6)
  4 alligators (Swamp:1)
  10 death yaks
  Sonja (Lair:3)
  An unseen horror (D:11)
  2 hill giants
  Pikel (D:4)
  An ugly thing (D:11)
  9 black mambas
  A centaur zombie (D:11)
  8 elephants
  10 spiny frogs
  5 komodo dragons
  A kobold demonologist (D:10)
  2 rime drakes
  2 polar bears
  A tyrant leech (Swamp:1)
  A two-headed ogre (D:9)
  Prince Ribbit (D:6)
  15 blink frogs
  5 bog bodies (Swamp:1)
  A slime creature (Lair:6)
  3 hippogriffs
  A spriggan (D:7)
  18 yaks
  A wyvern (Lair:1)
  Eustachio (D:6)
  Grum (Lair:1)
  4 basilisks
  8 vampire mosquitoes (Swamp:1)
  13 swamp worms
  7 insubstantial wisps (Swamp:1)
  17 water moccasins
  A swamp drake (Swamp:1)
  4 orc warriors (D:9)
  4 porcupines
  A sky beast (D:11)
  An eye of draining (D:9)
  3 ogres
  4 phantoms
  A black bear (Lair:2)
  4 centaurs
  13 wolves
  11 crocodiles
  22 big kobolds
  2 elf zombies (Ossuary)
  Blork the orc (D:6)
  13 bullfrogs
  3 gnoll sergeants
  15 killer bees
  2 wights
  5 howler monkeys
  3 electric eels
  2 crimson imps (D:9)
  A quasit (D:7)
  A bullfrog skeleton (D:11)
  A human zombie (Ossuary)
  A bullfrog zombie (D:5)
  4 hounds
  6 orc wizards
  3 orc priests
  6 jellies
  2 centaur skeletons
  5 iguanas
  7 worker ants
  A hound zombie (D:9)
  2 mummies (Ossuary)
  A howler monkey skeleton (D:5)
  A worker ant zombie (D:7)
  6 gnolls
  15 adders
  4 shadow imps
  An adder skeleton (D:5)
  4 adder zombies
  11 worms
  4 dart slugs
  7 leopard geckos
  30 orcs
  9 bats
  8 giant cockroaches
  15 goblins
  5 hobgoblins
  12 jackals
  29 kobolds
  3 quokkas
  3 ball pythons
  13 frilled lizards
  2 gnoll zombies (D:7)
  3 goblin zombies (Ossuary)
  9 hobgoblin zombies (Ossuary)
  A jackal zombie (Ossuary)
  8 kobold zombies (Ossuary)
  2 leopard gecko skeletons
  9 orc zombies (Ossuary)
  6 rats
  A rat zombie (Ossuary)
544 creatures vanquished.

Vanquished Creatures (collateral kills)
  An orc warrior (D:8)
  5 wights
  3 orcs
9 creatures vanquished.

Vanquished Creatures (others)
  A troll (D:9)
  4 dancing weapons
  A centaur (D:9)
  A worker ant (D:9)
  An orc (D:9)
  A bush (D:9)
  10 fungi
  19 plants
38 creatures vanquished.

Grand Total: 591 creatures vanquished

Notes
Turn   | Place    | Note
-------+----------+-------------------------------------------
     0 | D:1      | Naow the Spriggan Enchanter began the quest for the Orb.
     0 | D:1      | Reached XP level 1. HP: 9/9 MP: 5/5
    88 | D:1      | Reached XP level 2. HP: 5/13 MP: 7/7
    92 | D:1      | Learned a level 2 spell: Ensorcelled Hibernation
  1121 | D:1      | Reached XP level 3. HP: 16/16 MP: 8/8
  1621 | D:2      | Reached skill level 5 in Stealth
  1721 | D:2      | Reached XP level 4. HP: 15/21 MP: 9/9
  2023 | D:3      | Found a glowing golden altar of the Shining One.
  2265 | D:3      | Found a glowing drain.
  2272 | Sewer    | Entered a sewer
  2387 | Sewer    | Noticed a big kobold
  2397 | Sewer    | Killed a big kobold
  2397 | Sewer    | Reached XP level 5. HP: 17/24 MP: 3/11
  2689 | Sewer    | Got a twisted cloak
  2700 | Sewer    | Identified the +1 cloak of Prudence {*Contam MR+ Str+7 SInv} (You found it in a sewer)
  3028 | D:3      | Reached skill level 5 in Hexes
  3123 | D:3      | Noticed Grinder
  3322 | D:3      | Learned a level 3 spell: Tukima's Dance
  3665 | D:4      | Found a staircase to the Ecumenical Temple.
  3678 | D:4      | Reached XP level 6. HP: 26/28 MP: 7/13
  3811 | D:4      | Noticed Naow's ghost (amateur SpEn)
  4435 | D:4      | Reached skill level 6 in Stealth
  4597 | D:4      | Noticed a slave
  4598 | D:4      | Noticed a slave
  4601 | D:4      | Noticed Pikel
  4603 | D:4      | Noticed a slave
  4605 | D:4      | Noticed a slave
  4788 | D:4      | Killed Pikel
  4788 | D:4      | Reached skill level 5 in Dodging
  4788 | D:4      | Reached skill level 7 in Stealth
  4788 | D:4      | Reached skill level 5 in Spellcasting
  4788 | D:4      | Reached XP level 7. HP: 32/32 MP: 4/15
  4910 | D:5      | Entered Level 5 of the Dungeon
  5723 | D:5      | Found a sparkling altar of Nemelex Xobeh.
  5723 | D:5      | Found an iron altar of Okawaru.
  5801 | D:5      | Found a snail-covered altar of Cheibriados.
  5862 | D:6      | Noticed Blork the orc
  5865 | D:6      | Noticed Eustachio
  5867 | D:6      | Killed Blork the orc
  5867 | D:6      | Reached XP level 8. HP: 36/36 MP: 12/17
  5869 | D:6      | Killed Eustachio
  5869 | D:6      | Reached skill level 5 in Short Blades
  5968 | D:6      | Noticed Menkaure
  6375 | D:6      | Found a sand-covered staircase.
  6385 | Ossuary  | Entered an ossuary
  7608 | Ossuary  | Reached skill level 8 in Stealth
  8467 | D:6      | Noticed Prince Ribbit
  8471 | D:6      | Killed Prince Ribbit
  8824 | D:7      | Found an ancient bone altar of Kikubaaqudgha.
  8903 | D:7      | Noticed a hill giant
  9399 | D:7      | Killed a hill giant
  9399 | D:7      | Reached skill level 9 in Stealth
  9399 | D:7      | Reached XP level 9. HP: 39/39 MP: 18/20
  9523 | D:7      | Found a radiant altar of Vehumet.
  9530 | D:7      | Found a hide-covered altar of Uskayaw.
 10512 | D:7      | Found a basalt altar of Yredelemnul.
 10860 | Temple   | Entered the Ecumenical Temple
 11052 | Temple   | Became a worshipper of Dithmenos the Shadowed
 11382 | D:8      | Reached skill level 10 in Stealth
 12192 | D:8      | Reached * piety under Dithmenos
 12538 | D:9      | Killed a troll
 12671 | D:9      | Learned a level 3 spell: Dazzling Spray
 12802 | D:9      | Reached XP level 10. HP: 44/44 MP: 23/23
 12812 | D:9      | Found a shimmering altar of Xom.
 13326 | D:9      | Reached ** piety under Dithmenos
 13326 | D:9      | Reached skill level 11 in Stealth
 13865 | D:9      | Found Logafoph's Magic Scroll Emporium.
 13969 | D:9      | Found a staircase to the Orcish Mines.
 14064 | D:10     | Entered Level 10 of the Dungeon
 14163 | D:10     | Reached skill level 10 in Dodging
 14211 | D:10     | Learned a level 3 spell: Regeneration
 14416 | D:10     | Found Ekeagin's Distillery.
 14424 | D:10     | Bought a potion of curing for 39 gold pieces
 14424 | D:10     | Bought a potion of curing for 39 gold pieces
 14424 | D:10     | Bought a potion of curing for 39 gold pieces
 14497 | D:10     | Reached skill level 1 in Charms
 14639 | D:10     | Reached *** piety under Dithmenos
 14651 | D:10     | Reached skill level 12 in Stealth
 14881 | D:9      | Noticed a gargoyle
 14882 | D:9      | Noticed an ogre mage
 14884 | D:9      | Noticed a deep elf knight
 14884 | D:9      | Noticed a deep elf mage
 14884 | D:9      | Noticed a great orb of eyes
 15163 | D:10     | Reached skill level 1 in Invocations
 15471 | D:11     | Reached skill level 5 in Charms
 15494 | D:11     | Reached XP level 11. HP: 28/47 MP: 1/25
 15610 | D:11     | Noticed Athtar123's ghost (journeyman DrMo)
 15761 | D:11     | Noticed a cyan ugly thing
 15767 | D:11     | Killed a cyan ugly thing
 15864 | D:11     | Found a staircase to the Lair.
 15890 | D:11     | Noticed a hill giant
 15907 | D:11     | Killed a hill giant
 16232 | D:11     | Noticed an unseen horror
 16238 | D:11     | Killed an unseen horror
 16343 | D:11     | Found a basalt altar of Yredelemnul.
 16515 | Lair:1   | Entered Level 1 of the Lair of Beasts
 16750 | Lair:1   | Noticed Grum
 16754 | Lair:1   | Killed Grum
 16759 | Lair:1   | Noticed a six-headed hydra
 16826 | Lair:1   | Reached **** piety under Dithmenos
 17396 | Lair:1   | Killed a six-headed hydra
 17759 | Lair:1   | Learned a level 3 spell: Confuse
 18402 | Lair:2   | Reached skill level 13 in Stealth
 18402 | Lair:2   | Reached skill level 10 in Spellcasting
 18524 | Lair:2   | Found a hole to the Spider Nest.
 18633 | Lair:2   | Reached XP level 12. HP: 40/51 MP: 25/27
 19068 | Lair:3   | Reached skill level 10 in Short Blades
 19091 | Lair:3   | Found a staircase to the Swamp.
 19115 | Lair:3   | Noticed Fannar
 19118 | Lair:3   | Noticed Sonja
 19316 | Lair:3   | Killed Fannar
 19447 | Lair:3   | Noticed Gastronok
 19476 | Lair:3   | Killed Gastronok
 19904 | Lair:3   | Got a shimmering amber ring
 20099 | Lair:3   | Killed Sonja
 20296 | Lair:4   | Reached skill level 14 in Stealth
 20463 | Lair:4   | Identified the ring of Cexued {*Contam rF+ rN+ Dex+3 Slay+2 SInv} (You found it on level 3 of the Lair of Beasts)
 20829 | Lair:5   | Reached ***** piety under Dithmenos
 20849 | Lair:5   | Noticed a five-headed hydra
 20855 | Lair:5   | Killed a five-headed hydra
 21729 | Lair:5   | Reached skill level 15 in Stealth
 21733 | Lair:5   | Reached XP level 13. HP: 52/55 MP: 23/29
 22003 | Lair:6   | Entered Level 6 of the Lair of Beasts
 23319 | Lair:6   | Found a staircase to the Slime Pits.
 24160 | Lair:6   | Reached skill level 16 in Stealth
 25168 | Lair:5   | Reached skill level 5 in Invocations
 25355 | Lair:6   | Reached ****** piety under Dithmenos
 25848 | Lair:5   | Reached XP level 14. HP: 46/59 MP: 8/31
 26035 | Swamp:1  | Entered Level 1 of the Swamp
 26530 | Swamp:2  | Noticed Louise
 27153 | Swamp:1  | Noticed Donald
 27602 | Swamp:1  | Noticed a thorn hunter
 27739 | Swamp:1  | Slain by Donald

Vault maps used:
D:1:      saegor_arrival_simple_c, minmay_misc_feat_room
D:2:      first_bread
D:3:      tso_oasis_becter, lightli_sewer_entry_pipes, uniq_grinder
D:4:      cheibrodos_greedy_goblins, serial_corexii_hall,
          corexii_hall_statues_x, corexii_hall_statues_s, uniq_pikel
D:5:      nicolae_overflow_hidden_temple, minmay_misc_feat_columns
D:6:      enter_ossuary_2, uniq_menkaure, uniq_prince_ribbit1,
          uniq_blork_the_orc, uniq_eustachio
D:7:      amethyst_overflow_temple_binary, kiku_gazebo_pond_becter,
          lemuel_zombie_altar_yredelemnul, serial_curves, eino_curves_01,
          eino_curves_03, eino_curves_01, the_bakery, uniq_duvessa
D:9:      minmay_klotski, erik_orc_2, serial_shops, kennysheep_mini,
          xom_confusion_cloud
D:10:     serial_shops, shop, roderic_serpentine_path
D:11:     lair_0_dummy, lab_entry_generic, yredelemnul_altar_generic
Temple:   nicolae_temple_figure_eight
Lair:1:   lemuel_fruit_tree, uniq_grum
Lair:2:   dummy_spider_entry, serial_bayou_shore_a, grunt_megastairs_2
Lair:3:   swamp_mist, grunt_megastairs_1, uniq_sonja, uniq_fannar,
          uniq_gastronok
Lair:4:   infiniplex_staircase_pool
Lair:5:   minmay_guarded_unrand_snakebite
Lair:6:   evilmike_catoblepas_cave, minmay_slime_entry_pillars,
          small_statue_intersection, worms_lemuel, wad_woods_river_01
Swamp:1:  hangedman_swamp_blocks, swamp_pool3, uniq_donald
Swamp:2:  serial_swamp_ruin, evilmike_swamp_ruin_house_5,
          evilmike_swamp_ruin_house_6, uniq_louise
Sewer:    kennysheep_pipe_town
Ossuary:  ossuary_tomb_1

Skill      XL: |  1  2  3  4  5  6  7  8  9 10 11 12 13 14 |
---------------+-------------------------------------------+-----
Spellcasting   | 3 4 5 6 8 9 10 11 12 | 12.6
Hexes          | 4 5 6 7 8 9 |  9.6
Stealth        | 5 7 9 10 12 13 15 16 | 16.1
Short Blades   | 2 3 4 6 7 8 9 11 12 | 12.3
Dodging        | 4 5 6 8 9 10 11 13 14 | 14.4
Charms         | 5 9 |  9.5
Invocations    | 1 3 7 9 |  9.9

Action                   |  1- 3 |  4- 6 |  7- 9 | 10-12 | 13-15 || total
-------------------------+-------+-------+-------+-------+-------++-------
Melee: Dagger            |   159 |   314 |   811 |   682 |   450 ||  2416
 Fire: Blowgun           |       |       |    21 |     1 |       ||    22
 Cast: Ensorcelled Hiber |     4 |    49 |    77 |   278 |   164 ||   572
       Tukima's Dance    |       |     2 |    14 |     6 |       ||    22
       Dazzling Spray    |       |       |       |     2 |     2 ||     4
       Confuse           |       |       |       |     6 |    98 ||   104
       Regeneration      |       |       |       |     2 |       ||     2
       Corona            |       |       |       |     1 |       ||     1
Evoke: Wand              |       |       |     4 |       |       ||     4
  Use: Scroll            |       |       |       |    23 |     3 ||    26
 Stab: Sleeping          |    16 |    35 |    48 |   159 |    77 ||   335
       Distracted        |       |       |     6 |     6 |     7 ||    19
       Confused          |       |       |       |     8 |    19 ||    27
       Petrified         |       |       |       |       |     1 ||     1
  Eat: Bread ration      |       |     1 |     2 |     1 |     1 ||     5
Armor: Robe              |    17 |    55 |    94 |    36 |    23 ||   225
Dodge: Dodged            |   131 |   337 |   666 |   532 |   437 ||  2103
Block: Other             |       |       |    49 |   133 |    77 ||   259
       Reflection        |       |       |       |     6 |       ||     6
